Map: Invader LE

Players

LiquidTLO (TLO) - Winner!

  • Race: Zerg Zerg
  • League: Grandmaster

llllllllllll

  • Race: Zerg Zerg
  • League: Grandmaster

VOD

Have the link to the VOD?

Description

Time

  • Played on: July 6, 2016, 11:42 a.m.
  • Length: 8:00
Show
View Real Time Build Order
Export as new Build Order

LiquidTLO Zerg - Winner!

Build Orders: Hatch First 

Get SALT Encoding   

  12  0:01  Drone  
  13  0:13  Overlord  
  13  0:18  Drone  
  14  0:31  Drone x2  
  16  0:37  Drone  
  17  0:52  Hatchery  
  17  0:56  Drone  
  17  1:10  Spawning Pool  
  16  1:12  Drone  
  16  1:15  Drone  
  16  1:17  Extractor  
  17  1:21  Drone  
  18  1:30  Drone  
  19  1:39  Overlord  
  19  1:57  Zergling x2, Queen  
  19  2:00  Drone  
  23  2:04  Queen  
  23  2:05  Drone  
  26  2:13  Drone  
  27  2:21  Drone  
  27  2:22  Drone  
  29  2:26  Drone  
  30  2:32  Drone  
  30  2:34  Evolution Chamber  
  30  2:37  Drone  
  30  2:44  Drone  
  32  2:46  Extractor  
  32  2:47  Roach Warren, Drone  
  31  2:54  Drone  
  31  2:58  Drone  
  33  3:00  Zerg Melee Weapons Level 1  
  33  3:02  Evolution Chamber  
  33  3:04  Metabolic Boost  
  33  3:06  Drone  
  33  3:07  Drone x2  
  36  3:13  Overlord  
  36  3:15  Overlord  
  36  3:22  Overlord  
  36  3:35  Drone x2, Zerg Ground Armor Level 1  
  36  3:39  Overlord  
  38  3:47  Hatchery  
  38  3:48  Drone  
  38  3:50  Drone  
  38  3:54  Zergling x4  
  41  3:58  Zergling x4  
  41  4:01  Zergling x2  
  44  4:03  Zergling x2  
  44  4:05  Zergling x2  
  44  4:06  Zergling x2  
  44  4:08  Zergling x2  
  48  4:10  Zergling x2  
  48  4:12  Zergling x2  
  48  4:14  Zergling x2  
  48  4:15  Zergling x2  
  52  4:17  Zergling x2  
  52  4:19  Zergling x2  
  52  4:23  Zergling x2  
  55  4:27  Lair  
  55  4:28  Zergling x2  
  56  4:33  Zergling x2  
  56  4:37  Zergling x2  
  58  4:41  Overlord  
  58  4:42  Zergling x4  
  58  4:45  Zergling x2  
  61  4:46  Zergling x2  
  61  4:47  Zergling x4  
  61  4:49  Zergling x2  
  65  4:57  Overlord  
  65  4:59  Queen  
  67  5:00  Zergling x2  
  67  5:01  Zergling x2  
  67  5:06  Zergling x2  
  70  5:10  Zergling x4  
  70  5:13  Zergling x4  
  73  5:14  Zergling x2  
  70  5:21  Zergling x4  
  70  5:22  Zergling x6  
  70  5:28  Zergling x2  
  62  5:31  Zergling x2  
  62  5:32  Extractor  
  62  5:34  Zergling x2  
  59  5:38  Zergling x2  
  59  5:41  Extractor  
  61  5:43  Spire  
  61  5:45  Zergling x4  
  61  5:47  Drone  
  63  5:52  Drone  
  63  5:53  Drone  
  65  5:59  Zergling x2  
  65  6:00  Zergling x2  
  64  6:04  Zergling x6  
  64  6:07  Drone x2  
  64  6:08  Drone  
  69  6:12  Overlord  
  69  6:16  Baneling Nest  
  66  6:21  Overlord  
  66  6:22  Drone x2  
  68  6:41  Spine Crawler  
  68  6:42  Spine Crawler  
  68  6:43  Spine Crawler  
  66  6:55  Mutalisk x7  
  66  7:01  Drone x3  
  83  7:08  Zergling x4  
  83  7:09  Zergling x2  
  83  7:12  Mutalisk  
  88  7:16  Mutalisk  
  88  7:21  Zergling x4  
  92  7:24  Zergling x2  
  92  7:26  Zergling x2  
  92  7:27  Zergling x2  
  93  7:32  Mutalisk  
  93  7:34  Zergling x2  
  92  7:39  Zergling x2  
  92  7:41  Zergling x2  
Show
View Real Time Build Order
Export as new Build Order

llllllllllll Zerg 

Build Orders: Hatch First 

Get SALT Encoding   

  12  0:01  Drone  
  13  0:09  Drone  
  14  0:18  Overlord  
  14  0:36  Drone x3  
  17  0:54  Hatchery  
  16  0:59  Drone  
  16  1:01  Drone  
  18  1:15  Spawning Pool  
  17  1:19  Drone  
  17  1:21  Drone  
  17  1:23  Extractor  
  18  1:31  Drone  
  19  1:42  Drone  
  20  1:54  Overlord  
  20  2:02  Queen  
  20  2:06  Drone  
  20  2:07  Queen, Drone  
  26  2:13  Drone  
  27  2:18  Drone  
  28  2:25  Drone  
  28  2:28  Drone  
  30  2:32  Evolution Chamber  
  30  2:37  Drone  
  30  2:39  Lair  
  30  2:41  Drone  
  31  2:44  Roach Warren  
  31  2:47  Drone  
  31  2:53  Drone  
  31  2:57  Drone  
  33  3:00  Zerg Missile Weapons Level 1  
  33  3:05  Overlord  
  33  3:08  Drone  
  33  3:12  Drone x2  
  36  3:13  Extractor, Drone  
  36  3:18  Extractor  
  36  3:19  Overlord  
  35  3:21  Drone  
  35  3:24  Drone x2  
  35  3:25  Drone  
  39  3:30  Drone  
  39  3:34  Drone  
  41  3:36  Glial Reconstitution  
  41  3:41  Overlord  
  41  3:46  Drone x2  
  41  3:48  Roach x2  
  47  3:49  Roach  
  47  3:52  Roach  
  51  3:56  Overlord  
  53  4:02  Roach  
  53  4:03  Roach  
  53  4:04  Overlord  
  57  4:10  Roach  
  57  4:14  Roach  
  59  4:19  Roach x2  
  59  4:20  Roach  
  59  4:22  Roach  
  67  4:27  Roach x2  
  67  4:29  Overlord  
  71  4:32  Roach  
  73  4:38  Roach  
  73  4:40  Overlord  
  75  4:51  Roach x4  
  83  4:58  Roach  
  83  4:59  Roach x2  
  89  5:01  Roach  
  89  5:05  Overlord  
  91  5:09  Spore Crawler  
  91  5:10  Roach  
  93  5:25  Roach x3  
  93  5:27  Roach x4  
  89  5:29  Roach  
  89  5:31  Roach  
  81  5:37  Baneling Nest  
  81  5:38  Zergling x2  
  81  5:45  Zergling x2  
  81  5:47  Roach  
  84  5:54  Zergling x2  
  85  5:58  Zergling x2  
  87  6:06  Roach  
  87  6:07  Baneling Nest  
  87  6:08  Roach x2  
  87  6:09  Roach x4  
  100  6:21  Overlord x2  
  100  6:27  Overlord  
  100  6:43  Zergling x6  
  100  6:44  Roach  
  100  6:45  Roach x4  
  113  6:51  Baneling x7  
  113  6:54  Overlord  
  113  6:55  Overlord  
  113  6:59  Roach  
  115  7:09  Roach x4  
  115  7:14  Overlord x2  
  123  7:18  Baneling x4  
  123  7:25  Roach  
  118  7:37  Roach x3  
Tags
 
Add a new tag
Caveats
  • Supply blocks, unpowered buildings, or Contaminate may cause inaccurate times.
  • Supply counts are checked every 10 seconds.